 Dungeon Crawl Stone Soup version 0.25-a0-42-g6c54e25894 (webtiles) character file.

Game seed: 16423538266356083676, levelgen mode: deterministic

1176 Gumption the Purveyor of Pain (level 8, -2/57 HPs)
             Began as a Human Necromancer on Oct 22, 2019.
             Was an Initiate of Kikubaaqudgha.
             Slain by a wight
             ... wielding a cursed +2 scimitar
              (5 damage)
             ... on level 7 of the Dungeon.
             The game lasted 01:36:23 (9931 turns).

Gumption the Purveyor of Pain (Human Necromancer)   Turns: 9931, Time: 01:36:23

Health: -2/57      AC:  8    Str:  9    XL:     8   Next: 69%
Magic:  11/14      EV: 12    Int: 18    God:    Kikubaaqudgha [......]
Gold:   197        SH:  0    Dex: 13    Spells: 3/15 levels left

rFire    . . .     SeeInvis .   a - +0 trident
rCold    . . .     Gourm    .   (no shield)
rNeg     + . .     Faith    .   D - +2 leather armour {rN+}
rPois    +         Spirit   .   G - +1 helmet (curse)
rElec    .         Reflect  .   w - +0 cloak
rCorr    .         Harm     .   (no gloves)
MR       .....                  (no boots)
Stlth    ++........             (no amulet)
HPRegen  0.19/turn              E - ring of poison resistance
MPRegen  0.14/turn              I - +2 ring of slaying

@: lightly drained
A: no striking features
a: Renounce Religion


You were on level 7 of the Dungeon.
You worshipped Kikubaaqudgha.
Kikubaaqudgha was noncommittal.
You were hungry.

You visited 2 branches of the dungeon, and saw 8 of its levels.
You also visited: Sewer.

You collected 509 gold pieces.
You spent 312 gold pieces at shops.

Inventory:

Hand Weapons
 a - a +0 trident (weapon)
 b - a +0 hunting sling
 n - a +2 dagger of venom
 t - a +0 hand crossbow
Missiles
 c - 202 stones
 d - 35 poisoned darts
 u - 40 bolts
 y - a throwing net
 H - 6 boomerangs (quivered)
Armour
 w - a +0 cloak (worn)
 x - a +3 scale mail of magic resistance
 D - a +2 leather armour of positive energy (worn)
 G - a cursed +1 helmet (worn)
Jewellery
 E - a ring of poison resistance (left hand)
 I - a +2 ring of slaying (right hand)
Wands
 k - a wand of polymorph (1)
 l - a wand of flame (12)
 o - a wand of clouds (4)
Scrolls
 f - 3 scrolls of remove curse
 g - a scroll of fear
 p - 4 scrolls of identify
 r - 2 scrolls of blinking
 v - a scroll of teleportation
 A - a scroll of enchant weapon {unknown}
 B - a scroll of amnesia {unknown}
Potions
 h - a potion of berserk rage
 i - 2 potions of lignification
 j - a potion of cancellation
 m - 7 potions of curing
 q - 3 potions of flight
 s - 4 potions of magic
 z - a potion of haste
 C - a potion of ambrosia
 F - 3 potions of agility
Comestibles
 e - 12 rations


   Skills:
 + Level 2.8(2.3) Fighting
 * Level 3.0(2.5) Armour
 - Level 3.0(2.5) Dodging
 - Level 3.0(2.5) Stealth
 + Level 4.3(3.8) Spellcasting
 - Level 2.0(1.5) Charms
 * Level 7.5(6.9) Necromancy


You had 3 spell levels left.
You knew the following spells:

 Your Spells              Type           Power        Failure   Level  Hunger
a - Pain                  Necr           ####         1%          1    None
b - Animate Skeleton      Necr           N/A          1%          1    None
c - Vampiric Draining     Necr           ####......   3%          3    ###....
d - Animate Dead          Necr           N/A          12%         4    ####...
z - Regeneration          Chrm/Necr      ###.......   11%         3    ###....

Your spell library contained the following spells:

 Spells                   Type           Power        Failure   Level  Hunger
 Magic Dart               Conj           #...         21%         1    None
 Blink                    Tloc           N/A          30%         2    ##.....
 Call Imp                 Summ           #.......     30%         2    ##.....
 Slow                     Hex            #.......     30%         2    ##.....
 Conjure Flame            Conj/Fire      #.......     52%         3    ###....
 Mephitic Cloud           Conj/Pois/Air  #.......     52%         3    ###....


Dungeon Overview and Level Annotations

Branches:
Dungeon (7/15)             Temple (1/1) D:7           Sewer (visited)

Altars:
Ashenzari
Cheibriados
Dithmenos
Elyvilon
Gozag
Hepliaklqana
Kikubaaqudgha
Makhleb
Nemelex Xobeh
Okawaru
Qazlal
Ru
Sif Muna
Trog
Uskayaw
Vehumet
Wu Jian
Xom
Yredelemnul
Zin
The Shining One

Shops:
D:4 ?[

Annotations:
D:2 exclusion: killer bee


Message History

You hit the wight.
The wight is heavily damaged.
The wight closely misses you.
You hit the wight but do no damage.
The wight is heavily damaged.
The wight hits you with a cursed +2 scimitar!
* * * LOW HITPOINT WARNING * * *
You hit the wight.
The wight is severely damaged.
The wight hits you with a cursed +2 scimitar.
* * * LOW HITPOINT WARNING * * *
You partially resist.
You feel drained.
You hit the wight but do no damage.
The wight is severely damaged.
The wight barely misses you.
You hit the wight but do no damage.
The wight is severely damaged.
The wight hits you with a cursed +2 scimitar.
You die...
Kikubaaqudgha rasps: "You have failed me!
Welcome... death!"

#.)..###......#
............###
###.##.##.....###
#......(........#
#.#.##..#..z.####
#.#.....#.......#
#.###...#....#.##
#.#.....#....#z#
#.#.#...#....#@#
#..............#
#.#######.##.###
#......>.......# #
#.#######....#.#
#.#.#...########.#
#............ .
#####.####### ##
.............


You could see a wight.

Vanquished Creatures
  A phantom (D:4)
  2 centaurs
  A big kobold (Sewer)
  A scorpion (D:6)
  A wight (D:7)
  2 howler monkeys (D:4)
  A crimson imp (D:6)
  2 hounds (D:6)
  2 orc priests
  A bullfrog skeleton (D:5)
  An orc wizard (D:5)
  6 worker ants
  19 adders
  A shadow imp (D:7)
  3 oozes
  8 worms
  2 dart slugs (D:1)
  5 leopard geckos
  17 orcs
  7 bats
  4 giant cockroaches
  5 goblins
  9 hobgoblins
  9 jackals
  16 kobolds
  A quokka (D:6)
  5 ball pythons (Sewer)
  5 frilled lizards
  A leopard gecko zombie (D:5)
  5 rats
143 creatures vanquished.

Vanquished Creatures (collateral kills)
  A hound skeleton (D:5)
  An orc (D:3)
  A giant cockroach (D:3)
  A hobgoblin (D:3)
  A jackal (D:4)
  A kobold (Sewer)
  A ball python (D:4)
  A frilled lizard (D:3)
8 creatures vanquished.

Vanquished Creatures (others)
  A bullfrog skeleton (D:4)
  5 toadstools (D:4)
6 creatures vanquished.

Grand Total: 157 creatures vanquished

Notes
Turn   | Place    | Note
-------+----------+-------------------------------------------
     0 | D:1      | Gumption the Human Necromancer began the quest for the Orb.
     0 | D:1      | Reached XP level 1. HP: 13/13 MP: 3/3
     2 | D:1      | Learned a level 1 spell: Animate Skeleton
   146 | D:1      | Reached XP level 2. HP: 17/19 MP: 0/5
   701 | D:1      | Reached XP level 3. HP: 24/24 MP: 4/6
   706 | D:1      | Learned a level 3 spell: Vampiric Draining
  1431 | D:2      | Found an ornate altar of the Wu Jian Council.
  1758 | D:2      | Reached XP level 4. HP: 20/30 MP: 0/7
  1913 | D:2      | Reached skill level 5 in Necromancy
  2525 | D:2      | Reached XP level 5. HP: 34/35 MP: 5/9
  2571 | D:2      | Learned a level 3 spell: Regeneration
  3477 | D:3      | Found a hide-covered altar of Uskayaw.
  3868 | D:3      | Found a basalt altar of Yredelemnul.
  4192 | D:4      | Reached skill level 6 in Necromancy
  4208 | D:4      | Found Xintuarph's Armour Shoppe.
  4231 | D:4      | Noticed a phantom
  4250 | D:4      | Reached XP level 6. HP: 36/41 MP: 7/11
  4348 | D:4      | Killed a phantom
  4462 | D:4      | Reached skill level 1 in Charms
  4527 | D:4      | Reached skill level 1 in Fighting
  4612 | D:4      | Found a glowing drain.
  4616 | Sewer    | Entered a sewer
  4724 | Sewer    | Learned a level 4 spell: Animate Dead
  4753 | Sewer    | Reached XP level 7. HP: 40/48 MP: 0/12
  5538 | D:4      | Found a radiant altar of Vehumet.
  5569 | D:4      | Found Xagg's Magic Scroll Boutique.
  6162 | D:4      | Bought a +3 scale mail of magic resistance for 312 gold
                  | pieces
  6514 | D:5      | Entered Level 5 of the Dungeon
  7317 | D:5      | Reached skill level 1 in Armour
  7317 | D:5      | Reached XP level 8. HP: 18/56 MP: 8/13
  7958 | D:5      | Found an opulent altar of Gozag.
  8077 | D:5      | Reached skill level 7 in Necromancy
  8226 | D:5      | Found a glowing golden altar of the Shining One.
  9596 | D:7      | Found a staircase to the Ecumenical Temple.
  9612 | Temple   | Entered the Ecumenical Temple
  9696 | Temple   | Became a worshipper of Kikubaaqudgha
  9931 | D:7      | Slain by a wight

Levels and vault maps discovered:
D:1:      roderic_dead_forest, layout_loops_ring
D:2:      kennysheep_six_static_rooms, layout_loops_ring, old_standard_altar,
          first_ration
D:3:      layout_loops_cross, old_standard_altar, eat_drink_and_be_merry_uskayaw
D:4:      layout_loops_corners, fiery_altar_vehumet, gup_sewer_entry_spiral,
          serial_shops, nicolae_shop_behind_doors, kennysheep_little_box,
          minmay_gold_behind_fungi, st_stairs_14
D:5:      layout_basic, grunt_gozag_statues, nicolae_overflow_crystal_walls
D:6:      layout_cave_pods
D:7:      layout_basic, minmay_temple_entry_mist, tgw_trog
Temple:   regret_index_temple_waves

Skill      XL: |  1  2  3  4  5  6  7  8 |
---------------+-------------------------+-----
Necromancy     | 5 6 7 |  7.5
Spellcasting   | 3 4 |  4.3
Charms         | 1 2 |  2.0
Fighting       | 1 2 |  2.8
Stealth        | 3 |  3.0
Armour         | 1 3 |  3.0
Dodging        | 3 |  3.0

Action                   |  1- 3 |  4- 6 |  7- 9 || total
-------------------------+-------+-------+-------++-------
Melee: Dagger            |       |     6 |       ||     6
       Spear             |       |    68 |   529 ||   597
       Trident           |       |       |   143 ||   143
 Fire: Hunting sling     |     2 |     6 |       ||     8
Throw: Dart              |       |    27 |   109 ||   136
       Boomerang         |       |       |     5 ||     5
 Cast: Pain              |    61 |   122 |    98 ||   281
       Animate Skeleton  |     6 |    23 |    20 ||    49
       Regeneration      |       |     4 |     3 ||     7
  Use: Potion            |     2 |       |     1 ||     3
       Scroll            |       |     5 |    11 ||    16
 Stab: Sleeping          |       |     1 |       ||     1
  Eat: Chunk             |     3 |    10 |    12 ||    25
       Ration            |       |       |     2 ||     2
Armor: Robe              |     2 |       |       ||     2
       Leather armour    |       |    19 |    63 ||    82
       Scale mail        |       |       |   264 ||   264
Dodge: Dodged            |    12 |    47 |   307 ||   366

Table legend:
 A = Non-vault XP
 B = Vault XP
 C = Vault XP percentage of total XP
 D = Non-vault monster count
 E = Vault monster count
 F = Vault count percentage of total count
                 A         B        C        D         E       F
            +---------+---------+-------+---------+---------+-------
      Total |    1334 |     346 |  20.6 |     118 |      33 |  21.9
            +---------+---------+-------+---------+---------+-------
        D:1 |      48 |       0 |   0.0 |      24 |       0 |   0.0
        D:2 |      90 |      29 |  24.4 |      24 |       6 |  20.0
        D:3 |      85 |       0 |   0.0 |      17 |       0 |   0.0
        D:4 |     277 |     139 |  33.4 |      17 |       5 |  22.7
        D:5 |     342 |       0 |   0.0 |      18 |       0 |   0.0
        D:6 |     310 |       0 |   0.0 |      14 |       0 |   0.0
        D:7 |     182 |       0 |   0.0 |       4 |       0 |   0.0
      Sewer |       0 |     178 | 100.0 |       0 |      22 | 100.0
            +---------+---------+-------+---------+---------+-------
